AoeStats
← flynorc

Four Lakes

507365736Analyzed
1v1 RM · 14d ago on Sep 17, 2026· 22m 12s· 2 players
Game mode
Random Map
Map size
Tiny (2 player)
Population
200
Speed
Normal
Resources
Standard
Victory
Conquest
Starting age
Dark Age
Ending age
Imperial Age
RankedLock teamsTeams togetherTeam positionsShared explorationLock speedFull tech treeHidden civsTurbo modeCheats
Victory
Defeat
🇦🇹 Chinese · Austria
1535
+18
🇮🇹 Britons · Italy
1576
-18
flynorc
0:25 Loom
12:01 Feudal Age
18:46 Castle Age
17:38 Double-Bit Axe
17:36 Fishing Lines
18:30 Fletching
18:59 Padded Archer Armor
19:55 Bodkin Arrow
20:13 Medium Warships
19:57 Gillnets
Retentio
6:46 Loom
9:50 Feudal Age
10:36 Double-Bit Axe
12:40 Fletching
17:05 Wheelbarrow
20:05 Castle Age
18:27 Stone Mining
19:48 Horse Collar
20:02 Gold Mining
20:14 Crossbowman
21:17 Bodkin Arrow
Connection lost

Rejoining the realm…

Still unreachable

The connection could not be restored.

Session expired

The server has moved on; the page needs a fresh start.